 Dungeon Crawl Stone Soup version 0.30-a0-723-gc1506a1cf0 (webtiles) character file.

Game seed: 5865229083494178498

292376 quinnr the Stormcaller (level 20, -8/176 HPs)
             Began as a Naga Air Elementalist on Jan 27, 2023.
             Was an Elder of Sif Muna.
             Mangled by an ironbound frostheart (12 damage)
             ... on level 4 of the Vaults on Jan 28, 2023.
             The game lasted 03:32:08 (83934 turns).

quinnr the Stormcaller (Naga Air Elementalist)     Turns: 83934, Time: 03:32:09

Health: -8/176     AC: 30    Str: 17    XL:     20   Next: 80%
Magic:  4/39       EV: 13    Int: 25    God:    Sif Muna [****..]
Gold:   3013       SH:  0    Dex: 13    Spells: 5/49 levels left

rFire   + . .      SeeInvis +    I - +9 dagger (flame)
rCold   . . .      Faith    .    (no shield)
rNeg    + + .      Spirit   .    n - +0 robe of Dishonesty {rN+ Will+}
rPois   +          Reflect  .    b - +2 helmet
rElec   .          Harm     .    h - +2 cloak {rF+}
rCorr   +          Rampage  .    q - +2 pair of gloves of Hysteria {Fly rN+ rCorr Int+4}
Will    ++++.                    r - +8 barding of Muakumic {Stlth+}
Stlth   +++++                    K - amulet of Fano {Acrobat Str+4}
HPRegen 0.49/turn                Z - ring of wizardry
MPRegen 0.26/turn                W - ring of willpower

@: about to teleport, flying, very slow
A: AC +6, large, see invisible, deformed body, poison resistance, slowness 2,
spit poison 1, naga tail 2
}: 2/15 runes: barnacled, gossamer
a: Spit Poison, Renounce Religion, Channel Magic, Forget Spell, Divine Exegesis


You were on level 4 of the Vaults.
You worshipped Sif Muna.
Sif Muna was greatly pleased with you.
You visited 7 branches of the dungeon, and saw 36 of its levels.
You also visited: Bailey and Volcano.

You collected 5603 gold pieces.
You spent 2590 gold pieces at shops.


Innate Abilities, Weirdness & Mutations

Your serpentine skin is tough. (AC +6)
You have supernaturally acute eyesight. (SInv)
Armour fits poorly on your strangely shaped body.
Your system is resistant to poisons. (rPois)
You cover ground very slowly.
You can spit poison.
You can use your snake-like lower body to constrict enemies.


   Skills:
 - Level 10.0 Fighting
 - Level 5.0 Short Blades
 - Level 4.0 Armour
 + Level 12.5 Dodging
 - Level 8.0 Stealth
 + Level 1.7 Shields
 + Level 15.3 Spellcasting
 + Level 14.9 Conjurations
 + Level 19.6 Air Magic
 - Level 11.0 Poison Magic
 - Level 8.0 Invocations
 - Level 8.0 Evocations


You had 5 spell levels left.
You knew the following spells:

 Your Spells              Type           Power      Damage    Failure   Level
a - Airstrike             Air            43%        2d(7-23)  0%          4
c - Chain Lightning       Conj/Air       40%        3d54      65%         9
f - Freezing Cloud        Conj/Ice/Air   33%        6-21      1%          5
i - Swiftness             Air            87%        N/A       0%          3
l - Lightning Bolt        Conj/Air       40%        1d59      1%          5
m - Mephitic Cloud        Conj/Pois/Air  76%        N/A       0%          3
p - Poisonous Vapours     Pois/Air       100%       N/A       0%          2
t - Static Discharge      Conj/Air       100%       2-7/arc   0%          2
S - Silence               Hex/Air        31%        N/A       1%          5
X - Conjure Ball Lightni  Conj/Air       40%        3x3d13    1%          6

Your spell library contained the following spells:

 Spells                   Type           Power      Damage    Failure   Level
 Magic Dart               Conj           100%       1d8       0%          1
 Shock                    Conj/Air       100%       1d9       0%          1
 Searing Ray              Conj           100%       2d8       0%          2
 Foxfire                  Conj/Fire      100%       2x1d9     1%          1
 Kiss of Death            Conj/Necr      100%       2d13      1%          1
 Sting                    Tmut/Pois      100%       1d8       1%          1
 Blink                    Tloc           38%        N/A       1%          2
 Cigotuvi's Dreadful Rot  Necr/Pois/Air  100%       N/A       1%          2
 Momentum Strike          Conj/Tloc      100%       3d10      1%          2
 Dazzling Flash           Conj/Hex       100%       N/A       1%          3
 Ignite Poison            Fire/Tmut/Pois 37%        N/A       1%          3
 Stone Arrow              Conj/Erth      100%       3d13      1%          3
 Fulminant Prism          Conj/Hex       27%        3d14      1%          4
 Iskenderun's Mystic Bla  Conj/Tloc      54%        2d12      1%          4
 Sticky Flame             Conj/Fire      54%        2d7       1%          4
 Summon Lightning Spire   Summ/Air       62%        N/A       1%          4
 Fireball                 Conj/Fire      27%        3d12      1%          5
 Irradiate                Conj/Tmut      27%        3d20      1%          5
 Call Canine Familiar     Summ           19%        N/A       3%          3
 Confusing Touch          Hex            19%        N/A       3%          3
 Ozocubu's Armour         Ice            19%        N/A       3%          3
 Portal Projectile        Hex/Tloc       38%        N/A       3%          3
 Summon Guardian Golem    Hex/Summ       19%        N/A       3%          3
 Tukima's Dance           Hex            19%        N/A       3%          3
 Alistair's Intoxication  Tmut/Pois      30%        N/A       3%          5
 Animate Dead             Necr           19%        N/A       12%         4
 Dispel Undead            Necr           19%        3d11      12%         4
 Leda's Liquefaction      Hex/Erth       9%         N/A       12%         4
 Manifold Assault         Tloc           19%        N/A       12%         4
 Passage of Golubria      Tloc           19%        N/A       12%         4
 Blade Hands              Tmut           9%         N/A       30%         5
 Borgnjor's Vile Clutch   Necr/Erth      9%         N/A       30%         5
 Lee's Rapid Deconstruct  Erth           9%         3d7*      30%         5
 Metabolic Englaciation   Hex/Ice        9%         N/A       30%         5
 Summon Forest            Summ/Tloc      9%         N/A       30%         5
 Yara's Violent Unravell  Hex/Tmut       9%         3d6       30%         5
 Orb of Destruction       Conj           38%        9d11      2%          7
 Maxwell's Capacitive Co  Air            43%        ∞         2%          8
 Iron Shot                Conj/Erth      27%        9d6       9%          6
 Starburst                Conj/Fire      27%        6d9       9%          6
 Eringya's Noxious Bog    Tmut/Pois      23%        N/A       17%         6
 Storm Form               Tmut/Air       31%        N/A       17%         7
 Spellforged Servitor     Conj/Summ      27%        N/A       41%         7
 Death Channel            Necr           9%         N/A       83%         6
 Dispersal                Tloc           9%         N/A       83%         6
 Simulacrum               Ice/Necr       9%         N/A       83%         6
 Statue Form              Tmut/Erth      12%        N/A       83%         6
 Lehudib's Crystal Spear  Conj/Erth      27%        10d7      96%         8
 Dragon Form              Tmut           9%         N/A       100%        7
 Enfeeble                 Hex            9%         N/A       100%        7
 Ignition                 Fire           9%         3d5       100%        8

Inventory:

Hand Weapons
 I - a +9 dagger of flaming (weapon)
Armour
 b - a +2 helmet (worn)
 h - a +2 cloak of fire resistance (worn)
 n - the +0 robe of Dishonesty (worn) {rN+ Will+}
   (You bought it in a shop on level 5 of the Dungeon)

   rN:        It protects you from negative energy.
   Will:      It increases your willpower.
 q - the +2 pair of gloves of Hysteria (worn) {Fly rN+ rCorr Int+4}
   (You found it on level 8 of the Dungeon)

   Int:       It affects your intelligence (+4).
   rN:        It protects you from negative energy.
   Fly:       It grants you flight.
   rCorr:     It protects you from acid and corrosion.
 r - the +8 barding of Muakumic (worn) {Stlth+}
   (You acquired it on level 2 of the Lair of Beasts)

   Stlth:     It makes you more stealthy.
 s - a +0 buckler
 v - a scarf of resistance
Magical Staves
 G - a staff of poison {!a}
 O - a staff of air {!a}
 T - a staff of cold {!a}
 U - a staff of fire {!a}
Jewellery
 E - a +5 ring of evasion
 H - the macabre finger necklace {Finger+ rN+}
   (You found it on level 3 of the Vaults)

   [amulet of nothing]

   Finger+:   It enables you to equip an extra ring.
   rN:        It protects you from negative energy.
 K - the amulet of Fano (around neck) {Acrobat Str+4}
   (You bought it in a shop on level 10 of the Dungeon)

   [amulet of the acrobat]

   It increases your evasion while moving and waiting.
   Str:       It affects your strength (+4).
 L - a ring of flight
 W - a ring of willpower (right hand)
 X - the ring "Kellurr" {Ice rPois rN+}
   (You found it on level 4 of the Shoals)

   [ring of ice]

   It enhances your ice magic.
   rF:        It makes you vulnerable to fire.
   rC:        It protects you from cold.
   rPois:     It protects you from poison.
   rN:        It protects you from negative energy.
 Z - a ring of wizardry (left hand)
Wands
 p - a wand of mindburst (4)
 F - a wand of iceblast (4)
 M - a wand of charming (7)
 N - a wand of polymorph (22)
 R - a wand of digging (11)
Scrolls
 e - 17 scrolls of teleportation {@r2}
 i - 9 scrolls of magic mapping
 l - 2 scrolls of summoning
 m - 2 scrolls of enchant armour
 t - 3 scrolls of blinking
 y - 2 scrolls of fear (quivered)
 B - 2 scrolls of amnesia
 P - 3 scrolls of silence {!r}
 Q - 3 scrolls of poison
 V - 4 scrolls of fog
Potions
 c - 2 potions of berserk rage {!q}
 d - a potion of cancellation
 f - 8 potions of ambrosia
 g - 16 potions of curing {@q1}
 j - 7 potions of haste {@q3}
 k - 4 potions of brilliance
 u - 7 potions of might
 w - a potion of heal wounds {@q2}
 x - a potion of invisibility
 z - 7 potions of resistance
 A - 6 potions of lignification
 C - 3 potions of attraction
 D - 3 potions of magic
 J - 5 potions of mutation
Miscellaneous
 a - a phantom mirror (inert)
 o - a condenser vane (inert)
 S - a phial of floods
 Y - a piece from Xom's chessboard (15/15)

Dungeon Overview and Level Annotations

Branches:
Dungeon (15/15)            Temple (1/1) D:4            Lair (5/5) D:9
 Shoals (4/4) Lair:2       Spider (4/4) Lair:2        Slime (0/5) Lair:4
    Orc (2/2) D:12            Elf (0/3) Orc:2        Vaults (5/5) D:14
  Crypt (0/3) Vaults:3     Depths (0/4) D:15         Bailey (visited)
Volcano (visited)

Altars:
Ashenzari
Cheibriados
Dithmenos
Elyvilon
Fedhas
Gozag
Hepliaklqana
Kikubaaqudgha
Makhleb
Nemelex Xobeh
Okawaru
Qazlal
Ru
Sif Muna
Trog
Uskayaw
Vehumet
Wu Jian
Xom
Yredelemnul
Zin
The Shining One
Jiyva
Lugonu

Shops:
D:5 [   D:9 (   D:10 *   D:15 :   Orc:2 *:[(   Shoals:1 (

Portals:
Abyss: Lair:5

Annotations:
D:11 1 transporter
Lair:3 2 transporters, freelancePsychic's ghost, journeyman DgCj
Shoals:3 exclusion: downstairs

▓ .. ... ...
▓▓▓▓▓▓▓▓▓▓▓▓▓▓▓▓▓▓▓▓▓▓▓▓ ).
▓.......▓.............[▓▓'▓
▓.......▓....Tp§......$').▓
▓.......'....§@c.p.....▓).▓
▓.......▓...÷○pp.......▓.p▓
▓.......▓......^.......▓..▓
▓.......▓..............▓..▓
▓.......▓..............▓..▓
▓.......▓▓▓▓▓▓▓▓'▓▓▓▓▓▓▓..▓
▓.......▓ ▓▓.[...▓▓ ..▓
▓▓▓▓'▓▓▓▓ ▓▓..▓▓...▓▓ ▓..▓
▓..▓▓..▓..▓


You could see an ironbound preserver, an ironbound frostheart, a deep troll, 2
vault sentinels and a yaktaur (confused).


Message History

As you read the scroll of teleportation {@r2}, it crumbles to dust.
You feel strangely unstable.
The vault sentinel casts a spell at you.
You resist with almost no effort.
The ironbound frostheart closely misses you.
The ironbound preserver barely misses you.
Unknown command.
Casting: Mephitic Cloud (safe; 0% risk of failure)
Confirm with . or Enter, or press ? or * to list all spells.
Aiming: Mephitic Cloud (safe; 0% risk of failure)
Press: ? - help, Shift-Dir - straight line, f - you The ball explodes into a vile cloud!
The stinking cloud engulfs you but does no damage.
The stinking cloud engulfs the deep troll but does no damage.
The stinking cloud engulfs the ironbound preserver but does no damage.
The stinking cloud engulfs the ironbound frostheart but does no damage.
The stinking cloud engulfs the yaktaur but does no damage.
The stinking cloud engulfs the vault sentinel but does no damage.
The vault sentinel is heavily wounded.
The yaktaur is engulfed in noxious fumes.
The yaktaur appears confused.
The vault sentinel is engulfed in noxious fumes.
The vault sentinel appears confused.
The vault sentinel hits you with a +0 long sword.
* * * LOW HITPOINT WARNING * * *
The ironbound frostheart is engulfed in noxious fumes.
The ironbound frostheart touches you!
* * * LOW HITPOINT WARNING * * *
The ironbound frostheart freezes you!
You die...

Skill      XL: |  1  2  3  4  5  6  7  8  9 10 11 12 13 14 15 16 17 18 19 20 |
---------------+-------------------------------------------------------------+-----
Fighting       | 1 2 3 4 5 8 10 | 10.0
Stealth        | 4 5 6 7 8 |  8.0
Spellcasting   | 3 4 6 8 10 11 12 13 14 15 | 15.3
Air Magic      | 4 5 6 7 9 10 12 14 15 16 17 18 19 | 19.6
Dodging        | 2 3 4 6 9 10 11 12 | 12.5
Invocations    | 1 5 7 8 |  8.0
Armour         | 2 3 4 |  4.0
Poison Magic   | 4 5 7 8 10 11 | 11.0
Conjurations   | 3 5 6 9 10 12 13 14 | 14.9
Evocations     | 5 6 8 |  8.0
Short Blades   | 5 |  5.0
Shields        | 1 |  1.7

Action                     |  1- 3 |  4- 6 |  7- 9 | 10-12 | 13-15 | 16-18 | 19-21 || total
---------------------------+-------+-------+-------+-------+-------+-------+-------++-------
  Melee: Unarmed           |    16 |    16 |     7 |     7 |       |       |       ||    46
         Punch             |       |     1 |       |     3 |     4 |     7 |     8 ||    23
         Dagger            |       |       |       |    86 |    82 |    21 |    29 ||   218
         Constrict         |       |       |       |       |    33 |    54 |    49 ||   136
         Staff             |       |       |       |       |    66 |   272 |   172 ||   510
  Throw: Dart              |       |     3 |     2 |       |       |       |       ||     5
   Cast: Shock             |    76 |   177 |    84 |   105 |       |       |       ||   442
         Static Discharge  |       |     6 |    21 |    72 |   120 |   144 |    21 ||   384
         Airstrike         |       |     1 |    54 |   251 |   580 |   662 |   427 ||  1975
         Swiftness         |       |     1 |     2 |     5 |     1 |     2 |     2 ||    13
         Mephitic Cloud    |       |       |       |    43 |    61 |    74 |    43 ||   221
         Poisonous Vapours |       |       |       |     9 |    44 |   129 |    12 ||   194
         Simulacrum        |       |       |       |       |     2 |       |       ||     2
         Lightning Bolt    |       |       |       |       |       |    42 |   101 ||   143
         Conjure Ball Ligh |       |       |       |       |       |    19 |    25 ||    44
         Silence           |       |       |       |       |       |     2 |       ||     2
         Freezing Cloud    |       |       |       |       |       |       |    14 ||    14
 Invoke: Channel Magic     |       |       |     4 |    17 |    19 |     9 |    10 ||    59
         Divine Exegesis   |       |       |       |       |     2 |       |       ||     2
Ability: Spit Poison       |       |     3 |    23 |    13 |     4 |       |       ||    43
  Evoke: Wand              |       |       |       |    36 |     9 |    32 |    10 ||    87
         Condenser vane    |       |       |       |       |     3 |     3 |     2 ||     8
         Piece from Xom's  |       |       |       |       |       |     1 |       ||     1
         Phantom mirror    |       |       |       |       |       |     2 |     3 ||     5
         Phial of floods   |       |       |       |       |       |       |     1 ||     1
    Use: Potion            |     1 |     2 |       |     3 |     5 |     2 |     7 ||    20
         Scroll            |       |     6 |     2 |    19 |    17 |     7 |     4 ||    55
   Stab: Confused          |       |       |       |     8 |     6 |     6 |     9 ||    29
         Sleeping          |       |       |       |       |     1 |     2 |       ||     3
         Distracted        |       |       |       |       |       |       |     1 ||     1
 Armour: Robe              |     4 |    18 |    16 |    83 |   209 |   836 |   359 ||  1525
         Skin              |       |     2 |       |       |       |       |       ||     2
  Dodge: Dodged            |    22 |    35 |    43 |   175 |   319 |   781 |   364 ||  1739

Levels and vault maps discovered:
D:1:      shiori_arrival_oz, layout_basic
D:2:      layout_loops_ring, corexii_corridor_pit, grunt_decor_junction,
          minmay_statues_item, kennysheep_small_spiral, uniq_jessica, uniq_robin
D:3:      layout_basic, jmf_multi_god_temple, elyvilon_altar_1,
          ebering_ecumenical_altar_petrified
D:4:      layout_loops_corners, lemuel_doored_altar,
          nicolae_overflow_two_pavilions, minmay_temple_entry_stoned_glass,
          serial_bayou_pond_d
D:5:      layout_rooms, hellmonk_ghost_happy_afterlife, serial_bayou_pond_a,
          kennysheep_windowed_goal, uniq_menkaure, uniq_crazy_yiuf_cottage
D:6:      layout_cave_pods, grunt_temple_overflow_gold_and_silver,
          grunt_dithmenos_smoke, uniq_duvessa, uniq_eustachio, uniq_edmund
D:7:      layout_cave_pools, enter_bailey_2, uniq_maggie
D:8:      layout_gridville, minmay_fractal_squares_gapless_5
D:9:      minmay_cornered_nines, layout_basic, hellmonk_lair_entry_icy,
          doesnt_shop_hydraphobe, uniq_joseph
D:10:     layout_basic, nicolae_inconvenience_store, grunt_decor_resistance,
          ebering_dispersal_statue_hall
D:11:     layout_loops_ring, wad_floor_pattern_1, serial_nicolae_subway,
          nicolae_sub_station_metal, nicolae_sub_station_crystal,
          nicolae_sub_station_stone, uniq_nergalle
D:12:     layout_stronghold, erik_orc_4, uniq_kirke
D:13:     minmay_curly_fans, layout_basic, st_stairs_13, uniq_frances
D:14:     layout_stronghold, skrybe_vaults_entry_preservation,
          nicolae_vehumet_radiance, uniq_azrael, uniq_rupert
D:15:     gammafunk_enter_depths_forms, layout_irregular_city,
          dk_noncrumbling_2, serial_shops, nicolae_shop_behind_doors
Temple:   oiseaux_autumnal_temple
Lair:1:   layout_layer_cave, uniq_sonja
Lair:2:   layout_gridlike, elwin_shoals_entry_rooms, spider_nest_entry_webs,
          kennysheep_abandoned_house
Lair:3:   layout_chaotic_city, gammafunk_ghost_arena, serial_bayou_lake_a
Lair:4:   layout_long_grid, minmay_slime_entry_jelly_boxes,
          chequers_serial_rivers_small_a
Lair:5:   hellmonk_lair_end_abyssal_woods, layout_concentric_octagons,
          nicolae_volcano_entry_batcave, cheibrodos_lair_lostbears,
          serial_bayou_shore_a
Shoals:1: layout_shoals, serial_shops, nicolae_shop_waterfront,
          nicolae_shoals_flooded_hall, uniq_roxanne
Shoals:2: layout_shoals, uniq_ilsuiw
Shoals:3: cheibrodos_shoals_gigantism, layout_shoals
Shoals:4: shoals_end_simple, layout_shoals, uniq_polyphemus
Spider:1: layout_cave_pods, hangedman_spider_tarantella_strand, uniq_agnes,
          uniq_donald, uniq_josephine
Spider:2: layout_cave_pods
Spider:3: layout_spider_delve, uniq_asterion, uniq_arachne
Spider:4: grunt_spider_rune_circles
Orc:1:    layout_caves, basic_altar, nicolae_orc_lava_room, uniq_maurice
Orc:2:    grunt_orc_gardens, layout_caves, grunt_orc_garden, grunt_orc_garden,
          grunt_orc_garden, grunt_orc_garden, serial_shops, nicolae_shop_stone,
          basic_altar, uniq_saint_roka
Vaults:1: dpeg_vaults_monster_box, ontoclasm_vaults_spin,
          ontoclasm_vaults_idyll, nicolae_vaults_hallways_thing,
          nicolae_vaults_yaktaur_gun_rack, ontoclasm_vaults_ligature,
          dpeg_vaults_waves, vaults_mumra_minichess_inversion,
          vaults_room_ringed_pool, nicolae_vaults_stairing_the_circle,
          nicolae_vaults_bisected_slash, nicolae_vaults_three_branches,
          hangedman_vaults_impose, hangedman_vaults_impose,
          ontoclasm_vaults_decontamination, hangedman_vaults_stretched_pinwheel,
          v_misc_22, layout_vaults_maze
Vaults:2: v_misc_29, v_misc_28, vaults_dpeg_emergency_exit, v_rooms_2,
          nicolae_vaults_windows_and_doors_thing, ontoclasm_vaults_twist,
          hangedman_vaults_slice, vaults_room_grunt_arrival_checkpoint,
          layout_vaults_chaotic_city, uniq_margery, uniq_bai_suzhen
Vaults:3: v_pattern_3, hangedman_vaults_corner_blocks, v_alt_pattern_2,
          nicolae_vaults_network_square, vaults_room_large_hall,
          minmay_crypt_entry_simple_corners, nicolae_vaults_alarming,
          vaults_room_semicircle, vaults_dpeg_encased_lava,
          layout_vaults_quadrants
Vaults:4: nicolae_vaults_what_the_h, vaults_dpeg_doors, v_rooms_6,
          ontoclasm_vaults_chip, vaults_dpeg_cross,
          nicolae_vaults_diagonal_hallway_7, ontoclasm_vaults_eye, v_rooms_6,
          grunt_vaults_swirl, vaults_mumra_chevron, v_misc_24,
          layout_vaults_omnibox
Vaults:5: uniq_frederick

Notes
Turn   | Place    | Note
-------+----------+-------------------------------------------
     0 | D:1      | quinnr the Naga Air Elementalist began the quest for the
                  | Orb.
     0 | D:1      | Reached XP level 1. HP: 15/15 MP: 3/3
   252 | D:1      | Reached XP level 2. HP: 24/24 MP: 1/5
   924 | D:1      | Reached skill level 1 in Fighting
  1075 | D:1      | Reached XP level 3. HP: 29/31 MP: 1/6
  1142 | D:1      | You fall into a shaft and drop 1 floor!
  1831 | D:2      | Noticed Robin
  1838 | D:2      | Reached skill level 4 in Stealth
  1858 | D:2      | Killed Robin
  1870 | D:2      | Reached XP level 4. HP: 20/38 MP: 0/7
  2206 | D:2      | Noticed Jessica
  2211 | D:2      | Killed Jessica
  2499 | D:3      | Found a faded altar of an unknown god.
  2542 | D:3      | Found an ornate altar of the Wu Jian Council.
  2544 | D:3      | Found a bloodstained altar of Trog.
  2632 | D:3      | Learned a level 4 spell: Airstrike
  2636 | D:3      | Learned a level 3 spell: Swiftness
  3007 | D:3      | Reached skill level 5 in Stealth
  3130 | D:3      | Found a white marble altar of Elyvilon.
  3345 | D:3      | Reached skill level 3 in Spellcasting
  3345 | D:3      | Reached skill level 4 in Air Magic
  3345 | D:3      | Reached XP level 5. HP: 42/44 MP: 2/9
  4604 | D:4      | Reached skill level 5 in Air Magic
  4757 | D:4      | Reached XP level 6. HP: 51/51 MP: 3/10
  4935 | D:4      | Found a staircase to the Ecumenical Temple.
  4982 | Temple   | Entered the Ecumenical Temple
  5285 | Temple   | Became a worshipper of Sif Muna the Loreminder
  5331 | D:4      | Found a radiant altar of Vehumet.
  5331 | D:4      | Found an ancient bone altar of Kikubaaqudgha.
  5782 | D:4      | Found a basalt altar of Yredelemnul.
  6037 | D:5      | Entered Level 5 of the Dungeon
  6119 | D:4      | Learned a level 2 spell: Static Discharge
  6225 | D:4      | Reached skill level 2 in Dodging
  6432 | D:5      | Noticed Menkaure
  6697 | D:5      | Noticed a black bear
  6709 | D:5      | Killed a black bear
  6710 | D:5      | Reached skill level 2 in Fighting
  6710 | D:5      | Reached skill level 6 in Stealth
  6710 | D:5      | Reached XP level 7. HP: 53/60 MP: 1/12
  6809 | D:5      | Reached * piety under Sif Muna
  7161 | D:5      | Found Hapeanea's Antique Armour Shop.
  7167 | D:4      | Reached skill level 4 in Spellcasting
  7529 | D:5      | Reached skill level 3 in Fighting
  7529 | D:5      | Reached skill level 3 in Dodging
  7529 | D:5      | Reached skill level 7 in Stealth
  7529 | D:5      | Reached skill level 6 in Air Magic
  7529 | D:5      | Reached XP level 8. HP: 51/69 MP: 2/14
  7730 | D:5      | Killed Menkaure
  7911 | D:5      | Bought a wizard robe for 85 gold pieces
  7911 | D:5      | Identified the +0 robe of Dishonesty {rN+ Will+} (You
                  | bought it in a shop on level 5 of the Dungeon)
  8090 | D:5      | Noticed Atlas's ghost (novice DsFE)
  8093 | D:5      | Found a runed translucent door.
  8203 | D:6      | Reached skill level 8 in Stealth
  8289 | D:7      | Noticed a yak
  8289 | D:7      | Noticed a yak
  8322 | D:7      | Noticed Maggie
  8334 | D:7      | Killed Maggie
  8335 | D:7      | Reached skill level 4 in Dodging
  8335 | D:7      | Reached skill level 7 in Air Magic
  8342 | D:7      | Found a flagged portal.
  8461 | Bailey   | Entered a bailey
  8694 | Bailey   | Reached skill level 1 in Invocations
  8694 | Bailey   | Reached XP level 9. HP: 53/75 MP: 4/15
  8843 | Bailey   | Noticed an orc knight
  8906 | Bailey   | Identified the +10 kite shield of Lust {+Inv rElec Stlth+}
  8916 | Bailey   | Noticed an orc knight
  8958 | Bailey   | Killed an orc knight
  8959 | Bailey   | Reached skill level 8 in Air Magic
  8959 | Bailey   | Reached skill level 3 in Invocations
  9152 | Bailey   | Identified the +0 leather armour of Wasted Space {rPois
                  | rCorr Str+2}
  9202 | Bailey   | Killed an orc knight
  9203 | Bailey   | Reached skill level 9 in Air Magic
  9203 | Bailey   | Reached skill level 5 in Invocations
  9377 | D:7      | Reached skill level 1 in Armour
  9749 | D:7      | Reached skill level 4 in Fighting
  9749 | D:7      | Reached skill level 2 in Armour
 10020 | D:5      | Reached XP level 10. HP: 84/87 MP: 9/16
 10247 | D:6      | Noticed Dowan
 10329 | D:6      | Noticed Duvessa
 10371 | D:6      | Reached skill level 3 in Armour
 10440 | D:6      | Noticed Edmund
 10513 | D:6      | Killed Edmund
 10514 | D:6      | Reached skill level 5 in Fighting
 10875 | D:6      | Identified a scarf of resistance
 10925 | D:6      | Found a shadowy altar of Dithmenos.
 10936 | D:6      | Noticed Eustachio
 10943 | D:6      | Killed Eustachio
 11408 | D:5      | Found a runed translucent door.
 11414 | D:5      | Noticed Crazy Yiuf
 11771 | D:5      | Killed Crazy Yiuf
 12020 | D:5      | Killed Atlas's ghost
 12021 | D:5      | Reached skill level 6 in Invocations
 12132 | D:6      | Killed Dowan
 12137 | D:6      | Killed Duvessa
 12269 | D:6      | Found a glowing silver altar of Zin.
 12270 | D:6      | Found an opulent altar of Gozag.
 12350 | D:7      | Learned a level 3 spell: Mephitic Cloud
 12353 | D:7      | Learned a level 2 spell: Poisonous Vapours
 12524 | D:7      | Identified the +1 leather armour "Woamaol" {Rampage rN+
                  | Will+ Str-5}
 12640 | D:8      | Identified the +2 pair of gloves of Hysteria {Fly rN+ rCorr
                  | Int+4}
 12813 | D:8      | Reached skill level 1 in Poison Magic
 13532 | D:8      | Reached skill level 2 in Conjurations
 13532 | D:8      | Reached skill level 2 in Poison Magic
 14089 | D:9      | Reached skill level 10 in Air Magic
 14089 | D:9      | Reached skill level 3 in Poison Magic
 14196 | D:9      | Noticed Joseph
 14206 | D:9      | Killed Joseph
 14207 | D:9      | Reached skill level 7 in Invocations
 14406 | D:9      | Reached skill level 3 in Conjurations
 14524 | D:9      | Reached ** piety under Sif Muna
 14612 | D:9      | Reached skill level 4 in Poison Magic
 14749 | D:9      | Reached XP level 11. HP: 94/94 MP: 2/17
 14973 | D:9      | Noticed a seven-headed hydra
 14974 | D:9      | Found Nuithiul's Hydra Hut.
 15363 | D:9      | Identified 2 potions of resistance
 15422 | D:9      | Noticed a cyclops
 15432 | D:10     | Entered Level 10 of the Dungeon
 15837 | D:10     | Noticed a two-headed ogre
 15847 | D:10     | Killed a two-headed ogre
 15848 | D:10     | Reached skill level 4 in Conjurations
 15848 | D:10     | Reached skill level 5 in Poison Magic
 15848 | D:10     | Reached skill level 1 in Evocations
 16226 | D:10     | Found Otaeluq's Assorted Antiques.
 16239 | D:10     | Bought a clouded copper amulet for 145 gold pieces
 16239 | D:10     | Identified the amulet of Fano {Acrobat Str+4} (You bought
                  | it in a shop on level 10 of the Dungeon)
 16244 | D:10     | Bought a scroll of identify for 58 gold pieces
 16244 | D:10     | Bought a glowing glass wand for 116 gold pieces
 16244 | D:10     | Bought a worn glass wand for 116 gold pieces
 16417 | D:9      | Reached skill level 2 in Evocations
 16530 | D:9      | Found a staircase to the Lair.
 16539 | D:9      | Noticed a centaur warrior
 16551 | D:9      | Killed a centaur warrior
 16552 | D:9      | Reached skill level 8 in Invocations
 16802 | Lair:1   | Entered Level 1 of the Lair of Beasts
 16957 | D:9      | Killed a cyclops
 16958 | D:9      | Reached skill level 3 in Evocations
 16992 | Lair:1   | HP: 5/94 [yak (13)]
 16994 | Lair:1   | Reached skill level 5 in Conjurations
 17287 | Lair:1   | Reached skill level 11 in Air Magic
 17708 | Lair:1   | Reached skill level 4 in Evocations
 17757 | Lair:1   | Identified the +1 pair of boots of the Furrier {Harm Will+
                  | Slay+2}
 18399 | D:9      | Reached skill level 5 in Evocations
 19444 | D:11     | Found a transporter.
 19449 | D:11     | Found a transporter.
 19516 | D:11     | Found a transporter.
 19524 | D:11     | Found a transporter.
 19670 | D:11     | Noticed a cyclops
 19673 | D:11     | Noticed Nergalle
 19676 | D:11     | Killed a cyclops
 19690 | D:11     | Killed Nergalle
 19691 | D:11     | Reached skill level 12 in Air Magic
 19699 | D:11     | Reached XP level 12. HP: 94/103 MP: 8/18
 20321 | D:11     | Found a transporter.
 20322 | D:11     | Found a transporter.
 20707 | Lair:1   | Reached skill level 5 in Spellcasting
 20982 | Lair:1   | Noticed Sonja
 20989 | Lair:1   | Killed Sonja
 20990 | Lair:1   | Reached skill level 1 in Short Blades
 20990 | Lair:1   | Reached skill level 5 in Dodging
 21681 | Lair:2   | Noticed a five-headed hydra
 21684 | Lair:2   | Killed a five-headed hydra
 21685 | Lair:2   | Reached skill level 2 in Short Blades
 22099 | Lair:2   | Reached skill level 3 in Short Blades
 22360 | Lair:2   | Identified the +2 ring mail of the Sailor {rPois rC++
                  | Stlth+}
 22553 | Lair:2   | Noticed a four-headed hydra
 22561 | Lair:2   | Killed a four-headed hydra
 22562 | Lair:2   | Reached skill level 6 in Spellcasting
 22786 | Lair:2   | Reached skill level 6 in Dodging
 23033 | Lair:2   | Found a hole to the Spider Nest.
 23042 | Lair:2   | Reached skill level 4 in Short Blades
 23178 | Lair:2   | Noticed a death yak
 23178 | Lair:2   | Noticed a death yak
 23178 | Lair:2   | Noticed a death yak
 23309 | Lair:2   | Identified 2 scrolls of acquirement
 23309 | Lair:2   | Acquired the +8 barding of Muakumic {Stlth+}
 23316 | Lair:2   | Acquired 910 gold pieces
 23340 | Lair:2   | Killed a death yak
 23345 | Lair:2   | Killed a death yak
 23349 | Lair:2   | Killed a death yak
 24044 | Lair:2   | Reached skill level 5 in Short Blades
 24155 | Lair:2   | Found a staircase to the Shoals.
 24176 | Lair:2   | Reached skill level 4 in Armour
 24176 | Lair:2   | Gained mutation: You can use your snake-like lower body to
                  | constrict enemies. [Naga growth]
 24176 | Lair:2   | Reached XP level 13. HP: 85/109 MP: 14/22
 24571 | Lair:3   | Reached skill level 7 in Dodging
 24853 | Lair:3   | Found a transporter.
 24857 | Lair:3   | Noticed freelancePsychic's ghost (journeyman DgCj)
 24865 | Lair:3   | Found a transporter.
 25363 | Lair:3   | Reached skill level 13 in Air Magic
 25510 | Lair:3   | Reached *** piety under Sif Muna
 26427 | Lair:4   | Reached skill level 8 in Dodging
 27770 | Lair:4   | Found a staircase to the Slime Pits.
 27770 | Lair:4   | Found a viscous altar of Jiyva.
 28217 | Lair:5   | Entered Level 5 of the Lair of Beasts
 28220 | Lair:5   | Reached **** piety under Sif Muna
 28339 | Lair:5   | Found a dark tunnel.
 28407 | Volcano  | Entered a volcano
 28524 | Volcano  | Found a burning altar of Makhleb.
 28951 | Lair:5   | Reached skill level 14 in Air Magic
 29078 | Lair:5   | Reached skill level 9 in Dodging
 29667 | Lair:5   | Reached XP level 14. HP: 89/118 MP: 12/23
 29669 | Lair:5   | Reached skill level 6 in Fighting
 29906 | Lair:5   | Reached skill level 7 in Spellcasting
 31191 | Lair:5   | Reached skill level 7 in Fighting
 31808 | Lair:5   | Reached skill level 8 in Spellcasting
 32076 | Lair:5   | Found a corrupted altar of Lugonu.
 32076 | Lair:5   | Found a one-way gate to the infinite horrors of the Abyss.
 32387 | D:12     | Reached skill level 15 in Air Magic
 32686 | D:12     | Noticed Kirke
 32694 | D:12     | Killed Kirke
 33712 | D:12     | Found a staircase to the Orcish Mines.
 34272 | Orc:1    | Entered Level 1 of the Orcish Mines
 34320 | Orc:1    | Noticed Maurice
 34323 | Orc:1    | Killed Maurice
 34324 | Orc:1    | Reached skill level 6 in Poison Magic
 35174 | Orc:2    | Entered Level 2 of the Orcish Mines
 35174 | Orc:2    | Found Qodoassi's Magic Scroll Boutique.
 35183 | Orc:2    | Noticed an orc warlord
 35278 | Orc:1    | Upgraded the game from 0.30-a0-719-gcc4359ea44 to
                  | 0.30-a0-722-g3e6e8c874d
 35322 | Orc:2    | Found a staircase to the Elven Halls.
 35963 | Orc:2    | Found Zoiss's Book Shop.
 36250 | Orc:2    | Noticed Saint Roka
 36274 | Orc:2    | Killed Saint Roka
 36275 | Orc:2    | Reached skill level 6 in Conjurations
 36297 | Orc:2    | Reached skill level 7 in Poison Magic
 36364 | Orc:2    | Reached skill level 8 in Fighting
 36391 | Orc:2    | Reached XP level 15. HP: 95/132 MP: 9/27
 36561 | Orc:2    | Killed an orc warlord
 36729 | Orc:2    | Reached skill level 9 in Spellcasting
 37302 | Orc:2    | Found Xoitt's Antique Weapon Boutique.
 37665 | Orc:2    | Found Yppalyewie's Antique Armour Shop.
 37731 | Orc:2    | Reached skill level 7 in Conjurations
 37787 | Orc:2    | Found Kemm's General Store.
 38121 | Orc:2    | Bought a scroll of acquirement for 728 gold pieces
 38121 | Orc:2    | Bought a scroll of identify for 28 gold pieces
 38122 | Orc:2    | Acquired 904 gold pieces
 38124 | Orc:2    | Bought a scroll of fear for 56 gold pieces
 38124 | Orc:2    | Bought a scroll of silence for 133 gold pieces
 38124 | Orc:2    | Bought a scroll of teleportation for 42 gold pieces
 38124 | Orc:2    | Bought a scroll of enchant armour for 105 gold pieces
 38169 | Orc:2    | Bought a potion of magic for 120 gold pieces
 38169 | Orc:2    | Bought a potion of curing for 45 gold pieces
 38169 | Orc:2    | Bought a potion of curing for 45 gold pieces
 38394 | Shoals:1 | Entered Level 1 of the Shoals
 38394 | Shoals:1 | Found Mitonui's Antique Weapon Shoppe.
 39034 | Shoals:1 | Reached skill level 9 in Fighting
 39635 | Shoals:1 | Noticed Roxanne
 40110 | Shoals:1 | Reached skill level 8 in Conjurations
 41414 | Shoals:1 | Reached skill level 10 in Spellcasting
 42002 | Shoals:1 | Killed Roxanne
 42168 | Shoals:2 | Noticed Ilsuiw
 43288 | Shoals:2 | Reached skill level 10 in Fighting
 43708 | Shoals:2 | Killed Ilsuiw
 43724 | Shoals:2 | Reached skill level 9 in Conjurations
 43724 | Shoals:2 | Reached XP level 16. HP: 90/146 MP: 11/30
 44394 | Shoals:2 | Noticed a kraken
 44406 | Shoals:2 | Killed a kraken
 45803 | Shoals:3 | Reached skill level 11 in Spellcasting
 46797 | Shoals:3 | Noticed a titan
 46825 | Shoals:3 | Killed a titan
 47108 | Shoals:4 | Entered Level 4 of the Shoals
 47108 | Shoals:4 | Noticed Polyphemus
 48467 | Shoals:4 | Identified the ring "Kellurr" {Ice rPois rN+}
 48636 | Shoals:4 | Reached skill level 16 in Air Magic
 48646 | Shoals:4 | Reached skill level 10 in Dodging
 48647 | Shoals:4 | Identified the +6 quarterstaff "Ylezet" {pain, Dex+3 SInv}
 49373 | Shoals:4 | Reached skill level 8 in Poison Magic
 49405 | Shoals:4 | Got a barnacled rune of Zot
 49901 | Shoals:4 | Killed Polyphemus
 50355 | Shoals:4 | Noticed a kraken
 50368 | Shoals:4 | Killed a kraken
 50369 | Shoals:4 | Reached XP level 17. HP: 119/153 MP: 3/32
 51405 | Shoals:4 | Reached skill level 9 in Poison Magic
 51571 | Shoals:4 | Reached skill level 10 in Conjurations
 51968 | Spider:1 | Entered Level 1 of the Spider Nest
 52441 | Spider:1 | Noticed Agnes
 52447 | Spider:1 | Killed Agnes
 52576 | Spider:1 | Identified a +2 robe of resistance
 52576 | Spider:1 | Noticed Josephine
 52582 | Spider:1 | Killed Josephine
 52777 | Spider:1 | Reached skill level 12 in Spellcasting
 53211 | Spider:1 | Reached ***** piety under Sif Muna
 53425 | Spider:1 | Received a gift from Sif Muna
 53427 | Spider:1 | Got Sif Muna's Secrets of Arcane Weapons {god gift}
 53463 | Lair:2   | Learned a level 5 spell: Lightning Bolt
 53470 | Lair:2   | Learned a level 6 spell: Conjure Ball Lightning
 53476 | Lair:2   | Learned a level 5 spell: Silence
 53994 | Spider:1 | Noticed Donald
 54012 | Spider:1 | Killed Donald
 54152 | Spider:1 | Reached skill level 10 in Poison Magic
 55222 | Spider:1 | Reached skill level 6 in Evocations
 56497 | Spider:2 | Identified the +1 mace "Nioxar" {drain, Will+ Str+3}
 57301 | Spider:3 | Reached skill level 11 in Dodging
 58286 | Spider:3 | Noticed Arachne
 58296 | Spider:3 | Killed Arachne
 58586 | Spider:3 | Reached XP level 18. HP: 111/160 MP: 17/34
 58733 | Spider:3 | Reached skill level 11 in Conjurations
 59197 | Spider:3 | Noticed Asterion
 59208 | Spider:3 | Killed Asterion
 59440 | Spider:3 | Reached skill level 11 in Poison Magic
 59552 | Spider:3 | Reached skill level 17 in Air Magic
 59552 | Spider:3 | Reached skill level 7 in Evocations
 59841 | Spider:4 | Entered Level 4 of the Spider Nest
 60004 | Spider:4 | Received a gift from Sif Muna
 62269 | Spider:3 | Reached skill level 13 in Spellcasting
 62823 | Spider:4 | Reached skill level 8 in Evocations
 64208 | Spider:4 | Reached skill level 12 in Dodging
 64529 | Spider:4 | Got Sif Muna's Grimoire of Concussion {god gift}
 64544 | Spider:4 | Learned a level 9 spell: Chain Lightning
 65077 | Spider:4 | Received a gift from Sif Muna
 65671 | Spider:4 | Got a gossamer rune of Zot
 65696 | Spider:4 | Identified a scarf of resistance
 66391 | D:14     | Noticed Azrael
 66393 | D:14     | Noticed Rupert
 66788 | D:13     | Noticed Frances
 66792 | D:13     | Killed Frances
 67893 | D:14     | Found a radiant altar of Vehumet.
 67936 | D:14     | Reached skill level 12 in Conjurations
 68239 | D:14     | Killed Rupert
 68515 | D:14     | Killed Azrael
 68516 | D:14     | Reached XP level 19. HP: 157/168 MP: 24/36
 69218 | D:14     | Found a gate to the Vaults.
 69422 | D:15     | Entered Level 15 of the Dungeon
 69584 | D:15     | Learned a level 5 spell: Freezing Cloud
 69742 | D:15     | Found Irhedoa's Book Emporium.
 69750 | D:15     | Bought an Inescapable Atlas for 384 gold pieces
 69750 | D:15     | Bought a book of Storms for 384 gold pieces
 70432 | D:15     | Received a gift from Sif Muna
 70479 | D:15     | Got Ipategg's Parchment of Poisonous Space {god gift}
 70776 | D:15     | Reached skill level 18 in Air Magic
 70932 | D:15     | Found a staircase to the Depths.
 71074 | Vaults:1 | Entered Level 1 of the Vaults
 72770 | Vaults:1 | Identified the +1 bardiche of Resourcefulness {drain, *Slow
                  | Fly Dex+6}
 72780 | Vaults:1 | Reached skill level 13 in Conjurations
 73698 | Vaults:1 | Reached skill level 14 in Spellcasting
 76253 | Vaults:2 | Reached XP level 20. HP: 172/176 MP: 2/38
 76402 | Vaults:2 | Acquired a +1 barding of fire resistance
 76504 | Vaults:2 | Reached skill level 14 in Conjurations
 76855 | Vaults:2 | Reached skill level 19 in Air Magic
 77302 | Vaults:2 | Noticed Bai Suzhen
 77335 | Vaults:2 | Killed Bai Suzhen
 78626 | Vaults:2 | Reached skill level 15 in Spellcasting
 79857 | Vaults:3 | Found the macabre finger necklace {Finger+ rN+}
 80206 | Vaults:3 | Found a staircase to the Crypt.
 82738 | Vaults:4 | Upgraded the game from 0.30-a0-722-g3e6e8c874d to
                  | 0.30-a0-723-gc1506a1cf0
 83350 | Vaults:4 | Reached skill level 1 in Shields
 83924 | Vaults:4 | HP: 14/176 [ironbound frostheart (28)]
 83929 | Vaults:5 | Entered Level 5 of the Vaults
 83934 | Vaults:4 | HP: 17/176 [vault sentinel/+0 long sword[a vault warden]
                  | (6)]
 83934 | Vaults:4 | HP: 4/176 [ironbound frostheart (13)]
 83934 | Vaults:4 | Mangled by an ironbound frostheart

Vanquished Creatures
  Saint Roka (Orc:2)
  Bai Suzhen (Vaults:2)
  Rupert (D:14)
  Asterion (Spider:3)
  A titan (Shoals:3)
  2 sphinxes
  Frances (D:13)
  2 krakens
  Agnes (Spider:1)
  Kirke (D:12)
  Polyphemus (Shoals:4)
  2 tengu reavers
  Roxanne (Shoals:1)
  Donald (Spider:1)
  Ilsuiw (Shoals:2)
  4 ghost moths
  5 vault wardens
  9 emperor scorpions
  A war gargoyle (Vaults:4)
  An orc warlord (Orc:2)
  8 ironbound preservers
  2 stone giants
  3 broodmothers
  3 very ugly things
  4 ironbound thunderhulks
  A vampire knight (Vaults:3)
  Azrael (D:14)
  A spark wasp (Spider:2)
  4 dire elephants (D:14)
  A deep elf death mage (Vaults:3)
  A crystal guardian (Vaults:4)
  Josephine (Spider:1)
  An eidolon (Vaults:3)
  6 entropy weavers
  An ettin (Vaults:1)
  8 merfolk impalers
  6 yaktaur captains
  A fire dragon (D:14)
  9 merfolk javelineers
  6 vault guards
  3 great orbs of eyes
  2 jorogumos (Spider:4)
  2 peacekeepers
  3 hydras
  2 alligator snapping turtles (Shoals:3)
  3 merfolk aquamancers (Shoals:4)
  5 merfolk avatars
  8 ironbound frosthearts
  17 centaur warriors
  4 two-headed ogres
  2 satyrs (Shoals:4)
  3 boulder beetles
  A tengu warrior (D:14)
  2 catoblepae
  6 death yaks
  A vampire mage (Vaults:3)
  2 titan zombies
  4 thrashing horrors (Lair:5)
  A hell knight (Volcano)
  5 orc high priests (Orc:2)
  Sonja (Lair:1)
  Nergalle (D:11)
  15 sea snakes
  A titan skeleton (Vaults:3)
  7 pharaoh ants
  A fire crab (shapeshifter) (D:14)
  A sea snake (shapeshifter) (D:15)
  2 sun moths
  13 orb spiders
  A glowing orange brain (D:15)
  5 steelbarb worms
  A flayed ghost (D:13)
  26 deep trolls
  9 ironbound convokers
  2 tengu zombies
  17 harpies
  2 wizards
  A phantasmal warrior (Vaults:1)
  8 lindwurms
  5 orc knights
  2 deep elf pyromancers
  3 necromancers
  A stone giant zombie (Vaults:3)
  19 ugly things
  25 wolf spiders
  A human zombie (Vaults:3)
  3 orc sorcerers
  2 large abominations (Lair:5)
  14 fauns
  12 manticores
  5 elephants (Lair:5)
  A black mamba (shapeshifter) (D:14)
  8 cyclopes
  Maurice (Orc:1)
  2 moths of wrath (Spider:1)
  14 merfolk sirens
  13 vault sentinels
  5 water nymphs
  A gargoyle (D:12)
  2 human skeletons
  9 demonic crawlers
  12 cane toads
  A smoke demon (Lair:5)
  4 black mambas
  3 torpor snails (Spider:3)
  An unseen horror (D:12)
  Joseph (D:9)
  Maggie (D:7)
  A yaktaur zombie (Vaults:4)
  4 rime drakes
  The ghost of Atlas the Firebug, a novice DsFE of Vehumet (D:5)
  2 ancient zymes (Lair:5)
  2 kobold demonologists (D:14)
  26 yaktaurs
  4 komodo dragons
  8 trolls
  38 merfolk
  9 polar bears
  6 meliai
  2 hornets
  4 wind drakes
  30 tarantellas
  19 blink frogs
  18 dream sheep
  10 snapping turtles
  An ettin skeleton (Vaults:3)
  A jumping spider (shapeshifter) (D:13)
  25 slime creatures
  27 jumping spiders
  2 spriggans (Lair:5)
  A shadow (D:11)
  27 culicivoras
  6 wraiths
  3 ynoxinuls (Lair:5)
  3 water elementals
  21 yaks
  4 wyverns
  7 basilisks
  Eustachio (D:6)
  3 fire elementals (D:14)
  2 hogs (D:12)
  75 redbacks
  3 chaos spawn (Lair:5)
  3 fire bats (Lair:5)
  7 vampire mosquitoes
  Menkaure (D:5)
  A steam dragon (D:8)
  Edmund (D:6)
  An acid dragon (D:11)
  Duvessa (D:6)
  22 water moccasins
  5 hell hounds (D:14)
  35 orc warriors
  A sky beast (D:6)
  4 ice beasts
  3 black bears
  20 wolves
  7 boggarts
  6 ogres
  10 centaurs
  9 small abominations (Lair:5)
  A phantom (D:5)
  3 kobold brigands
  2 necrophages
  6 bullfrogs
  A scorpion (D:4)
  3 gnoll sergeants
  Dowan (D:6)
  13 killer bees
  6 howler monkeys
  4 electric eels
  15 jellies
  12 orc priests
  3 hounds
  Crazy Yiuf (D:5)
  Jessica (D:2)
  2 gnoll boudas
  2 iguanas
  20 orc wizards
  5 hell rats (Lair:2)
  Robin (D:2)
  21 gnolls
  6 adders
  8 river rats (Lair:2)
  A white imp (D:5)
  An ufetubus (D:7)
  A worm (D:5)
  2 dart slugs (D:4)
  81 orcs
  12 endoplasms
  4 giant cockroaches
  15 goblins
  11 hobgoblins
  6 jackals
  18 kobolds
  6 quokkas
  3 ball pythons
  5 bats
  2 frilled lizards
  9 rats
  4 tentacles
1318 creatures vanquished.

Vanquished Creatures (collateral kills)
  Arachne (Spider:3)
  A water nymph (Shoals:4)
  A merfolk siren (Shoals:4)
  2 tarantellas (Spider:3)
  A culicivora (Spider:1)
  2 redbacks (Spider:1)
  An orc warrior (Orc:2)
  An orc (Orc:2)
  2 ball lightnings
12 creatures vanquished.

Vanquished Creatures (others)
  2 jumping spiders
  A centaur simulacrum (D:14)
  A human (D:12)
  An orc wizard (D:12)
  2 orcs (D:12)
  116 ball lightnings
  35 fungi
  176 plants
  7 tentacles
341 creatures vanquished.

Grand Total: 1671 creatures vanquished

Table legend: (Time is in decaauts)
 A = Elapsed time spent in this place.
 B = Non-inter-level travel time spent in this place.
 C = Inter-level travel time spent in this place.
 D = Time resting spent in this place.
 E = Time spent auto-exploring this place.
 F = Levels seen in this place.
 G = Mean time per level.
                   A        B        C        D        E       F      G
               +--------+--------+--------+--------+--------+-----+--------+
         Total |  96721 |  90330 |   6391 |  25926 |  52061 |  38 | 2545.3 |
       Dungeon |  32233 |  30472 |   1761 |   6694 |  19889 |  15 | 2148.9 |
        Temple |    467 |    357 |    110 |      0 |    338 |   1 |  467.0 |
          Lair |  15574 |  14486 |   1088 |   3747 |   9164 |   5 | 3114.8 |
        Shoals |  14548 |  13701 |    847 |   4652 |   7101 |   4 | 3637.0 |
   Spider Nest |  14679 |  14165 |    514 |   6333 |   5835 |   4 | 3669.8 |
  Orcish Mines |   4497 |   4102 |    395 |   1096 |   2533 |   2 | 2248.5 |
        Vaults |  13184 |  11512 |   1672 |   2938 |   6736 |   5 | 2636.8 |
        Bailey |   1011 |   1011 |      0 |    250 |    413 |   1 | 1011.0 |
       Volcano |    525 |    525 |      0 |    214 |     48 |   1 |  525.0 |
               +--------+--------+--------+--------+--------+-----+--------+

Top non-repeatable levels by time:
Spider:3: 5307 daAuts
Shoals:1: 4380 daAuts
  Lair:2: 4359 daAuts
Vaults:1: 4344 daAuts
Vaults:3: 4142 daAuts
Shoals:4: 4098 daAuts
Vaults:2: 4015 daAuts
Spider:1: 3916 daAuts
    D:14: 3665 daAuts
  Lair:5: 3564 daAuts
Shoals:3: 3409 daAuts
Spider:2: 3380 daAuts
  Lair:1: 3120 daAuts
     D:4: 2675 daAuts
Shoals:2: 2660 daAuts

Table legend:
 A = Non-vault XP
 B = Vault XP
 C = Vault XP percentage of total XP
 D = Non-vault monster count
 E = Vault monster count
 F = Vault count percentage of total count
                 A         B        C        D         E       F
            +---------+---------+-------+---------+---------+-------
      Total |  274687 |  198754 |  42.0 |     876 |     449 |  33.9
            +---------+---------+-------+---------+---------+-------
        D:1 |      34 |       2 |   5.6 |      20 |       1 |   4.8
        D:2 |      23 |      72 |  75.8 |      14 |      13 |  48.1
        D:3 |      55 |       3 |   5.2 |      20 |       2 |   9.1
        D:4 |     301 |      47 |  13.5 |      22 |       2 |   8.3
        D:5 |     946 |     635 |  40.2 |      21 |       4 |  16.0
        D:6 |     506 |     557 |  52.4 |      12 |       4 |  25.0
        D:7 |    1062 |     389 |  26.8 |      14 |       1 |   6.7
        D:8 |     750 |     373 |  33.2 |      18 |       4 |  18.2
        D:9 |    1363 |    3491 |  71.9 |      23 |      13 |  36.1
       D:10 |    1843 |       0 |   0.0 |      16 |       0 |   0.0
       D:11 |    2223 |     771 |  25.8 |      19 |       1 |   5.0
       D:12 |    5357 |    2334 |  30.3 |      26 |      19 |  42.2
       D:13 |    6148 |    3664 |  37.3 |      15 |       4 |  21.1
       D:14 |   13007 |    9916 |  43.3 |      31 |      21 |  40.4
       D:15 |    3759 |    5390 |  58.9 |      13 |      10 |  43.5
     Lair:1 |    3713 |     778 |  17.3 |      16 |       1 |   5.9
     Lair:2 |   13373 |    2746 |  17.0 |      38 |      24 |  38.7
     Lair:3 |    7990 |       0 |   0.0 |      32 |       0 |   0.0
     Lair:4 |    5581 |     561 |   9.1 |      25 |      14 |  35.9
     Lair:5 |    6662 |   13648 |  67.2 |      22 |      50 |  69.4
   Shoals:1 |    9013 |    6882 |  43.3 |      20 |      11 |  35.5
   Shoals:2 |   12619 |    4078 |  24.4 |      24 |       5 |  17.2
   Shoals:3 |   13785 |    3681 |  21.1 |      30 |       4 |  11.8
   Shoals:4 |   15446 |   24351 |  61.2 |      29 |      37 |  56.1
   Spider:1 |   26745 |    4839 |  15.3 |      75 |       8 |   9.6
   Spider:2 |   13314 |       0 |   0.0 |      27 |       0 |   0.0
   Spider:3 |   26775 |    9210 |  25.6 |      77 |      15 |  16.3
   Spider:4 |   13562 |   14261 |  51.3 |      32 |      27 |  45.8
      Orc:1 |    1974 |    1299 |  39.7 |      18 |       6 |  25.0
      Orc:2 |    1482 |   12296 |  89.2 |      24 |      36 |  60.0
   Vaults:1 |   17613 |   27880 |  61.3 |      24 |      37 |  60.7
   Vaults:2 |   20940 |   26729 |  56.1 |      33 |      34 |  50.7
   Vaults:3 |   16415 |    9065 |  35.6 |      32 |      12 |  27.3
   Vaults:4 |   10308 |    4028 |  28.1 |      14 |       5 |  26.3
     Bailey |       0 |    1510 | 100.0 |       0 |      16 | 100.0
    Volcano |       0 |    3268 | 100.0 |       0 |       8 | 100.0
            +---------+---------+-------+---------+---------+-------
